 Dungeon Crawl Stone Soup version 0.31.0-11-ge490571c62 (webtiles) character file.

Game seed: 12936193458044326611

119 qw the Shooter (level 4, -1/23 HPs)
             Began as a Spriggan Hunter on Feb 4, 2024.
             Frozen to death by an endoplasm (3 damage)
             ... on level 2 of the Dungeon.
             The game lasted 00:00:06 (1522 turns).

qw the Shooter (Spriggan Hunter)                    Turns: 1522, Time: 00:00:07

Health: -1/23      AC:  2    Str:  7    XL:     4   Next: 74%
Magic:  5/5        EV: 20    Int: 10    God:
Gold:   83         SH:  0    Dex: 20    Spells: 3/3 levels left

rFire   . . .        a - +0 shortbow
rCold   . . .        (shield currently unavailable)
rNeg    . . .        c - +0 robe
rPois   .            (helmet restricted)
rElec   .            (no cloak)
rCorr   .            (gloves unavailable)
SInv    +            (boots unavailable)
Will    .....        (no amulet)
Stlth   ++           (no ring)
HPRegen 0.23/turn    (no ring)
MPRegen 0.09/turn

%: no passive effects
@: very quick
A: very small, no large weapons, unfitting armour, see invisible, speed 3
a: no special abilities


You were on level 2 of the Dungeon.
You visited 1 branch of the dungeon, and saw 3 of its levels.

You collected 83 gold pieces.


Innate Abilities, Weirdness & Mutations

You are very small and have problems with some larger weapons.
You are too small for most types of armour.
You have supernaturally acute eyesight. (SInv)
You cover ground extremely quickly. (Speed+++)


   Skills:
 + Level 1.8 Fighting
 - Level 5.1 Ranged Weapons
 - Level 5.0 Dodging
 - Level 1.5 Stealth


You had 3 spell levels left.
You didn't know any spells.
Your spell library was empty.

Inventory:

Hand Weapons
 a - a +0 shortbow (weapon)
Armour
 c - a +0 robe (worn)
Potions
 d - a potion of curing
 g - a potion of ambrosia {unknown}
 h - a potion of magic {unknown}

Dungeon Overview and Level Annotations

Branches:
Dungeon (3/15)

Altars:

Annotations:
D:3 Robin


Message History

You shoot an arrow. The arrow hits the hobgoblin.
You kill the hobgoblin!
The hobgoblin barely misses you.
You shoot an arrow. The arrow closely misses the hobgoblin.
The hobgoblin completely misses you. The hobgoblin misses you.
You shoot an arrow. The arrow hits the hobgoblin!
You kill the hobgoblin!
You start resting.
HP restored.
You climb downwards.
Level annotation: Robin Robin shouts!
The endoplasm quivers.
The hobgoblin closely misses you. Robin throws the goblin at you!
The goblin misses you. The goblin barely misses you.
The goblin hits you with a +0 club. The hobgoblin hits you.
The goblin hits you with a +0 dagger.
Robin roars a battlecry!
The goblins go into a battle-frenzy!
There is a stone staircase leading up, spattered with blood here.
1518 ||| STAIRDANCE The goblin hits you with a +0 dagger.
The goblin closely misses you. The endoplasm misses you.
You climb upwards.
There is a stone staircase leading down, spattered with blood here.
You see here a +0 dagger.
You shoot an arrow. The arrow hits the hobgoblin.
The hobgoblin is lightly wounded.
The endoplasm barely misses you. The goblin misses you.
The goblin closely misses you. The hobgoblin misses you.
You shoot an arrow.
The arrow hits the hobgoblin but does no damage.
The hobgoblin is lightly wounded.
The endoplasm hits you. The goblin hits you with a +0 dagger.
The goblin hits you with a +0 club. The hobgoblin barely misses you.
You shoot an arrow. The arrow hits the hobgoblin.
The hobgoblin is moderately wounded.
The endoplasm freezes you.
You are frozen.
You die...

#########........####
#...........#
##..........#
#...#.......#
#...#.[.....#
#..%#.......#
#...+.......#
#...#..gJg..#
#...####@#### #...#
#g# 7 ##### #.# 77.77
#.# 7.7P77 #.###


7PPPP7 #...# ##..## ###.# #...)# #.# ##...# #.# You could see an endoplasm, a
hobgoblin (strong) and 2 goblins.

Vanquished Creatures
  4 gnolls (D:2)
  4 adders (D:2)
  2 dart slugs (D:1)
  2 ribbon worms (D:2)
  An endoplasm (D:1)
  A giant cockroach (D:2)
  10 goblins
  6 hobgoblins
  3 ball pythons
  4 bats
  A frilled lizard (D:2)
  A kobold (D:2)
  A rat (D:2)
40 creatures vanquished.

Notes
Turn   | Place    | Note
-------+----------+-------------------------------------------
     0 | D:1      | qw the Spriggan Hunter began the quest for the Orb.
     0 | D:1      | Reached XP level 1. HP: 10/10 MP: 2/2
     0 | D:1      | 0 ||| qw: Version: 0.3-a-160-g6735b56
     0 | D:1      | 0 ||| qw: Game counter: 5444
     0 | D:1      | 0 ||| qw: Melee chars always use a shield: true
     0 | D:1      | 0 ||| qw: God list: Okawaru
     0 | D:1      | 0 ||| qw: Allow faded altars: false
     0 | D:1      | 0 ||| qw: Do Orc after clearing Dungeon:15 true
     0 | D:1      | 0 ||| qw: Do second Lair branch before Depths: true
     0 | D:1      | 0 ||| qw: Lair rune preference: random
     0 | D:1      | 0 ||| qw: Goals: Normal
     0 | D:1      | 0 ||| PLANNING D:1-11
    45 | D:1      | Reached skill level 3 in Dodging
   167 | D:1      | Reached XP level 2. HP: 14/14 MP: 3/3
   666 | D:1      | 666 ||| READING scroll labelled LOUROLO SYLO.
   667 | D:1      | 667 ||| READING scroll labelled QOCOAS ITRO.
   668 | D:1      | 668 ||| READING scroll labelled QIPEWN TIYRCH.
   668 | D:1      | 668 ||| ENCHANTING +0 shortbow.
   669 | D:1      | 669 ||| READING scroll labelled CADWIST ROOWN.
   770 | D:1      | 770 ||| DROPPING scroll of butterflies.
   872 | D:2      | Reached XP level 3. HP: 18/18 MP: 4/4
  1180 | D:2      | 1180 ||| RETREEEEATING.
  1182 | D:2      | 1182 ||| RETREEEEATING.
  1184 | D:2      | 1184 ||| RETREEEEATING.
  1186 | D:2      | 1186 ||| RETREEEEATING.
  1188 | D:2      | 1188 ||| RETREEEEATING.
  1191 | D:2      | Reached XP level 4. HP: 21/22 MP: 5/5
  1377 | D:2      | 1377 ||| READING scroll labelled ZOUPIUSEMM.
  1377 | D:2      | 1377 ||| IDENTIFYING golden potion
  1378 | D:2      | 1378 ||| READING scroll labelled DORYXZUJOU.
  1383 | D:2      | 1383 ||| DRINKING 2 fizzy coppery potions.
  1409 | D:3      | Noticed Robin
  1410 | D:3      | 1410 ||| STAIRDANCE
  1417 | D:3      | 1417 ||| STAIRDANCE
  1422 | D:2      | HP: 3/22 [goblin/+0 club[Robin] (4)]
  1423 | D:2      | 1423 ||| DRINKING potion of heal wounds.
  1431 | D:2      | HP: 5/23 [hobgoblin[Robin] (4)]
  1518 | D:3      | 1518 ||| STAIRDANCE
  1521 | D:2      | HP: 5/23 [goblin/+0 dagger[Robin] (5)]
  1521 | D:2      | HP: 2/23 [goblin/+0 club[Robin] (3)]
  1522 | D:2      | Frozen to death by an endoplasm

Levels and vault maps discovered:
D:1:      lightli_arrival_windingriver, layout_basic
D:2:      layout_basic, uniq_crazy_yiuf_cottage
D:3:      layout_rooms, mainiacjoe_overflow_alcove_4, gammafunk_ghost_arena,
          serial_shops, nicolae_shop_peninsula, uniq_jessica, uniq_robin

Skill      XL: |  1  2  3  4 |
---------------+-------------+-----
Dodging        | 3 4 5 |  5.0
Ranged Weapons | 5 |  5.1
Fighting       | |  1.8
Stealth        | |  1.5

Action                     |  1- 3 |  4- 6 || total
---------------------------+-------+-------++-------
   Fire: Shortbow          |    94 |    39 ||   133
    Use: Scroll            |     4 |     2 ||     6
         Potion            |       |     2 ||     2
 Armour: Robe              |    12 |    32 ||    44
  Dodge: Dodged            |    37 |    67 ||   104

Table legend:
 A = Non-vault XP
 B = Vault XP
 C = Vault XP percentage of total XP
 D = Non-vault monster count
 E = Vault monster count
 F = Vault count percentage of total count
                 A         B        C        D         E       F
            +---------+---------+-------+---------+---------+-------
      Total |     157 |      14 |   8.2 |      32 |       8 |  20.0
            +---------+---------+-------+---------+---------+-------
        D:1 |      26 |       0 |   0.0 |      13 |       0 |   0.0
        D:2 |     131 |      14 |   9.7 |      19 |       8 |  29.6
            +---------+---------+-------+---------+---------+-------
